 Dungeon Crawl Stone Soup version 0.32-a0-422-g28b100f618 (webtiles) character file.

Game seed: 11208807578671292849

3219 shadowstone the Nimble (level 9, -5/38 HPs)
             Began as a Felid Summoner on Feb 21, 2024.
             Was a Follower of Hepliaklqana.
             Killed from afar by an electric eel (13 damage)
             ... with a bolt of electricity
             ... on level 9 of the Dungeon.
             The game lasted 00:32:33 (10670 turns).

shadowstone the Nimble (Felid Summoner)            Turns: 10670, Time: 00:32:34

Health: -5/38      AC:  2    Str:  2    XL:     9   Next: 65%
Magic:  0/17       EV: 22    Int: 26    God:    Hepliaklqana [*.....]
Gold:   517        SH:  0    Dex: 17    Spells: 4/18 levels left
                                        Lives:  0   Deaths: 3

rFire   . .          .
                       - Unarmed
rCold   + . .        (shield unavailable)
rNeg    + + .        (body armour unavailable)
rPois   +            (helmet unavailable)
rElec   .            (cloak unavailable)
rCorr   .            (gloves unavailable)
SInv    +            (boots unavailable)
Will    +....        g - amulet of guardian spirit
Stlth   +++          l - ring "Diarrexo" {rC+ rN++ Str-2 Int+3 Slay+4}
HPRegen 0.26/turn    e - ring of poison resistance
MPRegen 0.15/turn

%: guardian spirit
@: unable to call your familiar
A: reduced essence, very small, claws 1, fangs 3, see invisible, shaggy fur 2,
stealthy paws, no weapons or thrown items, no armour, multi-lived
a: Renounce Religion, Recall Ancestor, Ancestor Identity


You were on level 9 of the Dungeon.
You worshipped Hepliaklqana.
Hepliaklqana was aware of your devotion.
You visited 2 branches of the dungeon, and saw 10 of its levels.
You also visited: Bailey.

You collected 517 gold pieces.

Inventory:

Jewellery
 e - a ring of poison resistance (right paw)
 g - an amulet of guardian spirit (around neck)
 l - the ring "Diarrexo" (left paw) {rC+ rN++ Str-2 Int+3 Slay+4}
   (You found it on level 3 of the Dungeon)

   [ring of protection from cold]

   Str-2:     It affects your strength (-2).
   Int+3:     It affects your intelligence (+3).
   Slay+4:    It affects your accuracy & damage with ranged weapons and melee
   (+4).
   rC+:       It protects you from cold.
   rN++:      It greatly protects you from negative energy.
Talismans
 i - a flux talisman
Scrolls
 b - 2 scrolls of identify
 f - 10 scrolls of teleportation
 n - a scroll of immolation
 o - a scroll of enchant weapon
 p - a scroll of poison
 q - 2 scrolls of enchant armour
Potions
 a - a potion of magic
 c - 4 potions of degeneration
 d - 2 potions of might
 h - 2 potions of invisibility
 j - a potion of lignification
 k - 2 potions of haste {unknown}
 m - 4 potions of heal wounds {unknown}
 r - a potion of brilliance {unknown}
 s - a potion of attraction {unknown}


   Skills:
 + Level 2.9 Fighting
 + Level 8.5 Dodging
 + Level 5.4 Stealth
 + Level 8.0 Unarmed Combat
 + Level 5.3 Spellcasting
 + Level 6.9 Summonings
 + Level 0.2 Air Magic


You had 4 spell levels left.
You knew the following spells:

 Your Spells              Type           Power      Damage    Failure   Level
a - Summon Small Mammal   Summ           100%       N/A       1%          1
b - Call Canine Familiar  Summ           42%        N/A       1%          3
c - Summon Lightning Spi  Summ/Air       25%        N/A       17%         4
d - Summon Blazeheart Go  Fire/Summ      24%        N/A       19%         4
e - Blink                 Tloc           12%        N/A       12%         2

Your spell library contained the following spells:

 Spells                   Type           Power      Damage    Failure   Level
 Call Imp                 Summ           84%        N/A       1%          2
 Magic Dart               Conj           24%        1d4       8%          1
 Sandblast                Erth           12%        2d6       8%          1
 Lesser Beckoning         Tloc           12%        N/A       12%         2
 Momentum Strike          Conj/Tloc      12%        3d8       12%         2
 Passwall                 Erth           6%         N/A       22%         3
 Stone Arrow              Conj/Erth      12%        3d7       22%         3
 Animate Dead             Necr           6%         N/A       58%         4
 Brom's Barrelling Bould  Conj/Erth      6%         2d3       58%         4
 Haunt                    Necr/Summ      12%        N/A       100%        7
 Infestation              Necr           3%         N/A       100%        8


Dungeon Overview and Level Annotations

Branches:
Dungeon (9/15)             Temple (1/1) D:6          Bailey (visited)
   Lair: D:8-11         Orc: D:9-12

Altars:
Ashenzari
Cheibriados
Dithmenos
Elyvilon
Fedhas
Gozag
Hepliaklqana
Kikubaaqudgha
Makhleb
Okawaru
Qazlal
Ru
Sif Muna
Trog
Uskayaw
Vehumet
Wu Jian
Xom
The Shining One
Beogh

Shops:
D:4 [

Annotations:
D:6 Blork the orc


Innate Abilities, Weirdness & Mutations

Your life essence is reduced to manifest your ancestor. (-10% HP)
You have sharp claws.
You have razor-sharp teeth.
You have supernaturally acute eyesight. (SInv)
You are covered in thick fur. (AC +2)
Your paws help you pounce on unaware monsters.
You are incapable of wielding weapons or throwing items.
You cannot wear armour.
You gain extra lives every three experience levels.


Message History

The electric eel shoots out a bolt of lightning at you!
The bolt of electricity hits you!
The two-headed ogre shouts in stereo!
The bullfrog croaks.
You closely miss the two-headed ogre. Your bite misses the two-headed ogre.
You hear a shout!
The electric eel shoots out a bolt of lightning at you!
The bolt of electricity hits you!
The bolt of electricity hits your inugami!
The two-headed ogre misses you. The two-headed ogre barely misses you.
You scratch the two-headed ogre.
You claw the two-headed ogre, but do no damage.
The two-headed ogre is lightly wounded.
A centaur comes into view.
Something closely misses Yha Luame.
The electric eel shoots out a bolt of lightning at you!
The bolt of electricity misses you.
You claw the two-headed ogre!
The two-headed ogre is moderately wounded.
The two-headed ogre closely misses you. The two-headed ogre barely misses you.
The electric eel shoots out a bolt of lightning at you!
The bolt of electricity hits you!
You barely miss the two-headed ogre.
The two-headed ogre is moderately wounded.
The killer bee misses Yha Luame.
The bullfrog hits you! The two-headed ogre closely misses you.
The two-headed ogre misses you.
The electric eel shoots out a bolt of lightning at you!
The bolt of electricity hits your inugami.
The bolt of electricity misses you.
The bolt of electricity hits Yha Luame.
You claw the two-headed ogre!
The two-headed ogre is moderately wounded.
The bullfrog hits you!
* * * LOW HITPOINT WARNING * * *
The killer bee completely misses you.
Yha Luame hits the killer bee.
The electric eel shoots out a bolt of lightning at you!
The bolt of electricity hits your inugami!
Your inugami dies!
Your inugami disappears in a puff of smoke!
The bolt of electricity hits you!
You die...
Hepliaklqana delivers you to your ancestors.

#...# #.......# ......
#.#####...†...##.....#
###.......#..##.........
....#####.#..##.........
.##.......#..##...>..~~≈
#########..........~~≈
.y..yR.###.....~~~~
######## #.y..§S~≈~
#R@....~.? #.OF......
#...c..... #.........
#......... #.........
#......... #.........


You could see the friendly Yha Luame the ancestor, a two-headed ogre, a
bullfrog, a centaur, a killer bee and an electric eel (ally target).

Vanquished Creatures
  A wyvern (D:8)
  Duvessa (D:4)
  3 water moccasins
  3 orc warriors (D:8)
  An ice beast (D:6)
  A sky beast (D:7)
  A black bear (D:7)
  An ogre (D:4)
  2 centaurs
  2 scorpions
  A killer bee (D:6)
  A howler monkey (D:5)
  3 hounds
  A jelly (D:5)
  2 orc priests (D:5)
  3 iguanas
  2 gnoll boudas
  5 orc wizards
  8 adders
  7 gnolls
  A white imp (D:6)
  An ufetubus (D:6)
  A ribbon worm (D:2)
  2 dart slugs
  25 orcs
  6 ball pythons
  7 bats
  4 endoplasms
  A giant cockroach (D:1)
  8 goblins
  2 hobgoblins
  A kobold (D:1)
  A quokka (D:3)
  2 frilled lizards
  4 rats
115 creatures vanquished.

Vanquished Creatures (collateral kills)
  An orc warrior (D:8)
  A sky beast (D:7)
  An ogre (D:5)
  Dowan (D:4)
  A killer bee (D:9)
  A jelly (D:7)
  2 orc priests
  A gnoll bouda (D:6)
  2 hounds
  A sleepcap (D:5)
  2 orc wizards
  An iguana (D:5)
  7 gnolls
  An adder (D:3)
  A shadow imp (D:8)
  2 ufetubi (D:4)
  A ribbon worm (D:2)
  3 dart slugs (D:1)
  24 orcs
  An endoplasm (D:1)
  3 giant cockroaches
  7 goblins
  A hobgoblin (D:3)
  A jackal (D:1)
  2 ball pythons
  2 bats (D:2)
  2 frilled lizards (D:2)
  3 kobolds (D:1)
  2 rats (D:2)
78 creatures vanquished.

Vanquished Creatures (others)
  4 ancestors
4 creatures vanquished.

Grand Total: 197 creatures vanquished

Notes
Turn   | Place    | Note
-------+----------+-------------------------------------------
     0 | D:1      | shadowstone the Felid Summoner began the quest for the Orb.
     0 | D:1      | Reached XP level 1. HP: 9/9 MP: 4/4
   194 | D:1      | Reached XP level 2. HP: 5/13 MP: 1/6
   680 | D:1      | Reached XP level 3. HP: 12/16 MP: 4/7
   697 | D:1      | Learned a level 3 spell: Call Canine Familiar
  1530 | D:2      | Reached skill level 1 in Unarmed Combat
  1686 | D:2      | Slain by a gnoll
  1686 | D:2      | Lost a life (0 lives remaining)
  1816 | D:2      | Reached XP level 4. HP: 21/21 MP: 2/8
  1816 | D:2      | Gained a life (1 life remaining)
  1819 | D:2      | Slain by a gnoll
  1819 | D:2      | Lost a life (0 lives remaining)
  1972 | D:2      | Reached skill level 5 in Summonings
  2671 | D:3      | Reached XP level 5. HP: 20/25 MP: 6/9
  2752 | D:3      | Learned a level 4 spell: Summon Lightning Spire
  3029 | D:3      | Found a burning altar of Makhleb.
  3100 | D:3      | Identified the ring "Diarrexo" {rC+ rN++ Str-2 Int+3
                  | Slay+4}
  3125 | D:3      | Found a faded altar of an unknown god.
  3773 | D:4      | Noticed Duvessa
  3773 | D:4      | Noticed Dowan
  3793 | D:4      | Killed Duvessa
  3794 | D:4      | Reached skill level 1 in Fighting
  3794 | D:4      | Reached skill level 5 in Dodging
  3794 | D:4      | Gained mutation: You are covered in thick fur. (AC +2)
                  | [Felid growth]
  3794 | D:4      | Reached XP level 6. HP: 6/30 MP: 1/11
  3810 | D:4      | Killed Dowan
  4023 | D:4      | Found Pediopat's Armour Boutique.
  4090 | D:4      | Found a broken altar of Ashenzari.
  4442 | D:4      | Reached XP level 7. HP: 32/33 MP: 9/12
  4442 | D:4      | Gained a life (1 life remaining)
  4685 | D:4      | Found a shimmering blue altar of Sif Muna.
  4685 | D:4      | Found an opulent altar of Gozag.
  5060 | D:5      | Entered Level 5 of the Dungeon
  7007 | D:6      | Reached XP level 8. HP: 37/37 MP: 11/14
  7118 | D:6      | Reached skill level 5 in Unarmed Combat
  7147 | D:6      | Noticed Blork the orc
  7153 | D:6      | Slain by a kobold brigand
  7153 | D:6      | Lost a life (0 lives remaining)
  7160 | D:6      | Found a staircase to the Ecumenical Temple.
  7176 | Temple   | Entered the Ecumenical Temple
  7381 | Temple   | Became a worshipper of Hepliaklqana the Forgotten
  7426 | D:6      | Reached skill level 5 in Stealth
  7875 | D:7      | Learned a level 4 spell: Summon Blazeheart Golem
  7938 | D:7      | Found an ornate altar of the Wu Jian Council.
  8363 | D:7      | Reached XP level 9. HP: 22/43 MP: 7/16
  8809 | D:7      | Reached * piety under Hepliaklqana
  9009 | D:8      | Found a flagged portal.
  9031 | Bailey   | Entered a bailey
  9443 | D:8      | Found a blossoming altar of Fedhas.
  9564 | D:8      | Reached skill level 5 in Spellcasting
  9824 | D:8      | Found an iron altar of Okawaru.
 10198 | D:8      | Found a roughly hewn altar of Beogh.
 10617 | D:9      | Learned a level 2 spell: Blink
 10657 | D:9      | Noticed a two-headed ogre
 10670 | D:9      | Killed from afar by an electric eel

Illustrated notes

Levels and vault maps discovered:
D:1:      nicolae_arrival_somewhat_less_tricky_arrival, layout_loops_ring,
          minmay_pentomino_r2
D:2:      layout_rooms
D:3:      layout_basic, mainiacjoe_overflow_catwalk, basic_ecumenical_altar,
          saegor_snake_ambush
D:4:      layout_gridville, gammafunk_temple_overflow_statue,
          mainiacjoe_overflow_boulevard, serial_shops, shop, uniq_duvessa
D:5:      layout_cave_pods
D:6:      cheibrodos_fzero, layout_loops_cross,
          gammafunk_temple_overflow_elements, minmay_temple_entry_arrows,
          uniq_blork_the_orc
D:7:      layout_cave_pools, nicolae_wu_jian_wuxing_cycle
D:8:      layout_basic, lemuel_doored_altar, fedhas_altar_2, enter_bailey_3,
          special_room [special_room_orc], nicolae_figureground_sparkle
D:9:      layout_basic, ebering_ghost_reflecting_pool, serial_shops,
          nicolae_shop_tiny_statue_garden, shop
Temple:   minmay_temple_bridge_abc

Skill      XL: |  1  2  3  4  5  6  7  8  9 |
---------------+----------------------------+-----
Dodging        | 3 4 5 6 7 8 |  8.5
Unarmed Combat | 1 2 3 4 6 8 |  8.0
Summonings     | 5 6 |  6.9
Stealth        | 3 4 5 |  5.4
Fighting       | 1 2 |  2.9
Spellcasting   | 3 4 5 |  5.3
Air Magic      | |  0.2

Action                     |  1- 3 |  4- 6 |  7- 9 || total
---------------------------+-------+-------+-------++-------
  Melee: Unarmed           |    53 |   159 |   328 ||   540
         Bite              |     6 |    10 |    54 ||    70
         Punch             |       |     2 |    17 ||    19
   Cast: Summon Small Mamm |    33 |    17 |     9 ||    59
         Call Canine Famil |     2 |     2 |    18 ||    22
         Summon Lightning  |       |       |     2 ||     2
    Use: Scroll            |     3 |     2 |    11 ||    16
         Potion            |       |       |     4 ||     4
   Stab: Sleeping          |       |     4 |     2 ||     6
         Distracted        |       |     2 |     2 ||     4
 Armour: Skin              |    43 |    66 |   113 ||   222
  Dodge: Dodged            |   116 |   205 |   420 ||   741
         Form:             |     1 |       |       ||     1
         Flux              |     1 |       |       ||     1

Table legend: (Time is in decaauts)
 A = Elapsed time spent in this place.
 B = Non-inter-level travel time spent in this place.
 C = Inter-level travel time spent in this place.
 D = Time resting spent in this place.
 E = Time spent auto-exploring this place.
 F = Levels seen in this place.
 G = Mean time per level.
                   A        B        C        D        E       F      G
               +--------+--------+--------+--------+--------+-----+--------+
         Total |  10651 |  10100 |    551 |   2882 |   3294 |  11 |  968.3 |
       Dungeon |  10267 |   9716 |    551 |   2666 |   3294 |   9 | 1140.8 |
        Temple |    235 |    235 |      0 |    173 |      0 |   1 |  235.0 |
        Bailey |    147 |    147 |      0 |     43 |      0 |   1 |  147.0 |
               +--------+--------+--------+--------+--------+-----+--------+

Top non-repeatable levels by time:
     D:5: 1885 daAuts
     D:8: 1560 daAuts
     D:1: 1449 daAuts
     D:3: 1348 daAuts
     D:4: 1284 daAuts
     D:7: 994 daAuts
     D:2: 993 daAuts
     D:6: 674 daAuts
  Temple: 235 daAuts
  Bailey: 147 daAuts
     D:9: 77 daAuts
